[Event "The Elitserien 2024/25: round 1 - 3"]
[Site "Scandic Infra City, Kanalvagen 10, Upplands Vasby, Sweden"]
[Date "2024.10.04"]
[Round "1.40"]
[White "Barkhagen, Jonas"]
[Black "Lindborg, Patrik"]
[Result "1-0"]
[TimeControl "90 minutes for 40 moves + 30 minutes for the rest of the game + 30 seconds per move from move one."]
[WhiteTitle "IM"]
[WhiteFideId "1700855"]
[BlackFideId "1707507"]
[WhiteElo "2413"]
[BlackElo "2124"]

1. b3 c5 2. Bb2 Nc6 3. Nf3 d5 4. e3 a6 5. c4 d4 6. exd4 cxd4 7. b4 Nxb4 8. Nxd4 e5 9. a3 exd4 10.
axb4 Nf6 11. Qb3 Bg4 12. Be2 Bd6 13. Bxd4 O-O 14. Nc3 Re8 15. Be3 Bxe2 16. Nxe2 Ng4 17. h3 Ne5 18. d4 Bxb4+ 19. Kf1 Nc6 20. d5 Qf6 21. Ra4 b5 22. cxb5 axb5 23. Rxa8 Rxa8 24. dxc6 Ra1+ 25. Nc1 Bc5 26. Ke2 Bxe3 27.
Qxe3 Qxc6 28. Rd1 h6 29. f3 Ra4 30. Nd3 Qc4 31. Rc1 Qa2+ 32. Kf1 Rc4 33. Rxc4 bxc4 34. Ne1 g6 35. Qc3 Kh7 36.
Qc2 Qa6 37. Qc3 Qa2 38. Nc2 Qb1+ 39. Ke2 Qa2 40. Kd2 h5 1-0

[Event "The Elitserien 2024/25: round 1 - 3"]
[Site "Scandic Infra City, Kanalvagen 10, Upplands Vasby, Sweden"]
[Date "2024.10.05"]
[Round "2.1"]
[White "Hauge, Lars Oskar"]
[Black "Johansson, Linus"]
[Result "1/2-1/2"]
[TimeControl "90 minutes for 40 moves + 30 minutes for the rest of the game + 30 seconds per move from move one."]
[WhiteTitle "GM"]
[BlackTitle "IM"]
[WhiteFideId "1509276"]
[BlackFideId "1711113"]
[WhiteElo "2484"]
[BlackElo "2416"]

1. e4 c5 2. Nf3 d6 3. Nc3 Nf6 4. d4 cxd4 5. Qxd4 Nc6 6. Qd3 a6 7. a3 e6 8. Bf4 h6 9. Be2 e5 10.
Be3 Be6 11. O-O Be7 12. Nd2 Rc8 13. Nd5 Bxd5 14. exd5 Nb8 15. c4 Nbd7 16. b4 b6 17. f4 O-O 18. Qf5 a5 19. Bd3 axb4 20.
axb4 Ra8 21. Bc2 Rxa1 22. Rxa1 Qc7 23. fxe5 Nxe5 24. Bb3 Nfg4 25. Bd4 Bg5 26. Nf1 g6 27. Qc2 Nd7 28. Ng3 Bf6 29.
Bxf6 Ngxf6 30. Qf2 Re8 31. Qd4 Kg7 32. Rf1 b5 33. Kh1 Qb6 34. Qf4 Qe3 35. Ba2 Qxf4 36. Rxf4 Ra8 37. Rf2 bxc4 38.
Bxc4 Ra1+ 39. Rf1 Rxf1+ 40. Nxf1 Nb6 41. Ne3 Ne4 42. Bb5 f5 43. g3 Kf6 44. Kg2 Nc3 45. Bc6 Ke5 46. Be8 Ncxd5 47. Nxd5 Nxd5 48. Bxg6 Nxb4 49. Kf3 Nc6 50. Ke3 Nd8 51. Be8 Ne6 52. Ba4 Ng7 53. Bd7 Nh5 54. Kf3 Nf6 55. Bc8 Nh7 56.
Ke3 Ng5 57. Bb7 d5 58. Bc8 Ne4 59. Kf3 Nc5 60. Ke3 Ne4 61. Kf3 Nf6 62. h4 d4 63. Ba6 Nd5 64. Bd3 Ne3 65. Ba6 Kd5 66.
Bd3 Kc5 67. Ke2 Kb4 68. Kd2 Nc4+ 69. Kc2 Nd6 70. Kb2 Kc5 71. Kc2 Kd5 72. Kd2 Ne4+ 73. Ke2 Nxg3+ 74. Kf3 Ne4 75. Kf4 Nd6 76.
h5 Ke6 77. Bb1 Kf6 78. Bd3 Ke6 79. Bb1 Kf6 80. Bd3 Nf7 81. Bxf5 Ne5 82. Bh7 d3 83. Ke3 Kg5 84. Bxd3 Kxh5 85.
Bb5 Kg5 86. Be2 h5 87. Bxh5 Kxh5 88. Ke4 1/2-1/2

[Event "The Elitserien 2024/25: round 1 - 3"]
[Site "Scandic Infra City, Kanalvagen 10, Upplands Vasby, Sweden"]
[Date "2024.10.05"]
[Round "2.2"]
[White "Garriga Cazorla, Pere"]
[Black "Lokander, Martin"]
[Result "1/2-1/2"]
[TimeControl "90 minutes for 40 moves + 30 minutes for the rest of the game + 30 seconds per move from move one."]
[WhiteTitle "IM"]
[BlackTitle "IM"]
[WhiteFideId "32011601"]
[BlackFideId "1709569"]
[WhiteElo "2467"]
[BlackElo "2469"]

1. d4 Nf6 2. c4 c5 3. d5 b5 4. cxb5 a6 5. bxa6 e6 6. Nc3 exd5 7. Nxd5 Nxa6 8. Nf3 Nxd5 9. Qxd5 Nc7 10.
Qd1 d5 11. e3 Be7 12. Be2 O-O 13. O-O Ba6 14. Bd2 Bf6 15. Bxa6 Rxa6 16. Bc3 Bxc3 17. bxc3 Ra3 18. Qc1 Qa8 19.
c4 Rxa2 20. Rxa2 Qxa2 21. cxd5 Qxd5 22. e4 Qh5 23. Rd1 Ne6 24. h3 h6 25. Rd5 Qg6 26. Rf5 Qh7 1/2-1/2

[Event "The Elitserien 2024/25: round 1 - 3"]
[Site "Scandic Infra City, Kanalvagen 10, Upplands Vasby, Sweden"]
[Date "2024.10.05"]
[Round "2.3"]
[White "Georgiadis, Nico"]
[Black "Domingo Nunez, Ruben"]
[Result "1-0"]
[TimeControl "90 minutes for 40 moves + 30 minutes for the rest of the game + 30 seconds per move from move one."]
[WhiteTitle "GM"]
[BlackTitle "IM"]
[WhiteFideId "1300113"]
[BlackFideId "22245570"]
[WhiteElo "2510"]
[BlackElo "2390"]

1. d4 g6 2. e4 Bg7 3. Nc3 c6 4. h3 d5 5. e5 f6 6. f4 fxe5 7. fxe5 Nh6 8. Bf4 e6 9. Qd2 Nf7 10.
Nf3 a6 11. O-O-O b5 12. h4 c5 13. dxc5 Nc6 14. h5 g5 15. h6 Bxh6 16. Rxh6 gxf4 17. Nxd5 Nxh6 18. Nf6+ Ke7 19. Qxf4 Qf8 20.
Qg5 Nf7 21. Rd7+ Bxd7 22. Nd5+ Ke8 23. Nc7# 1-0

[Event "The Elitserien 2024/25: round 1 - 3"]
[Site "Scandic Infra City, Kanalvagen 10, Upplands Vasby, Sweden"]
[Date "2024.10.05"]
[Round "2.4"]
[White "Schneider, Stefan"]
[Black "Westerberg, Jonathan"]
[Result "1/2-1/2"]
[TimeControl "90 minutes for 40 moves + 30 minutes for the rest of the game + 30 seconds per move from move one."]
[WhiteTitle "IM"]
[BlackTitle "GM"]
[WhiteFideId "1703013"]
[BlackFideId "1701754"]
[WhiteElo "2384"]
[BlackElo "2469"]

1. d4 d5 2. c4 dxc4 3. e3 e5 4. Bxc4 exd4 5. exd4 Bd6 6. Nf3 Nf6 7. Qe2+ Qe7 8. Qxe7+ Bxe7 9. O-O O-O 10.
Re1 Bd6 11. Nc3 a6 12. Bg5 Nbd7 13. Ne5 b5 14. Bb3 Bb7 15. Nxd7 Nxd7 16. Be7 Rfe8 17. Bxd6 cxd6 18. Bd5 Bxd5 19.
Nxd5 Nf6 20. Nxf6+ gxf6 21. Kf1 Rac8 22. Rxe8+ Rxe8 23. Rc1 Re4 24. Rd1 Kf8 25. f3 Rh4 26. h3 Ke7 27. Kf2 Ke6 28.
Kg3 Rh5 29. f4 b4 30. Re1+ Kd7 31. b3 Rd5 32. Rd1 Ra5 33. Rd2 Ke6 34. Kg4 h5+ 35. Kf3 Kd5 36. f5 Rb5 37. g4 h4 38.
Kf4 Rb8 39. Re2 Kxd4 40. Re7 Rf8 41. Rd7 Kc5 42. Rc7+ Kb6 43. Rd7 Kc6 44. Ra7 Kb6 45. Rd7 Kc6 46. Ra7 Kb6 47. Ke4 1/2-1/2

[Event "The Elitserien 2024/25: round 1 - 3"]
[Site "Scandic Infra City, Kanalvagen 10, Upplands Vasby, Sweden"]
[Date "2024.10.05"]
[Round "2.5"]
[White "Lissang, Christopher"]
[Black "Jepson, Christian"]
[Result "0-1"]
[TimeControl "90 minutes for 40 moves + 30 minutes for the rest of the game + 30 seconds per move from move one."]
[WhiteTitle "FM"]
[BlackTitle "IM"]
[WhiteFideId "1709615"]
[BlackFideId "1701185"]
[WhiteElo "2332"]
[BlackElo "2400"]

1. Nf3 Nf6 2. g3 c5 3. Bg2 d5 4. O-O Nc6 5. d4 cxd4 6. Nxd4 e5 7. Nxc6 bxc6 8. c4 Be6 9. Qa4 Qd7 10.
Rd1 Rc8 11. e3 e4 12. cxd5 cxd5 13. Qxd7+ Kxd7 14. Nd2 Bg4 15. f3 exf3 16. Nxf3 Bd6 17. e4 Rhe8 18. exd5 Re2 19. Bf4 Rcc2 20.
Ne1 Rxg2+ 21. Nxg2 Bxd1 22. Bxd6 Kxd6 23. Rxd1 Rxb2 24. a3 Ng4 25. Rc1 Ra2 26. h3 Ne5 27. Rc3 Kxd5 28. Nf4+ Ke4 29.
Kf1 a5 30. Rb3 Ra1+ 31. Kf2 Ra2+ 32. Kf1 Nc4 33. Rb7 Kf3 34. Kg1 Kxg3 35. Nh5+ Kxh3 36. Rxf7 g6 37. Nf6 h5 38. Nd5 Ne5 39.
Re7 Nf3+ 40. Kf1 Kg3 0-1

[Event "The Elitserien 2024/25: round 1 - 3"]
[Site "Scandic Infra City, Kanalvagen 10, Upplands Vasby, Sweden"]
[Date "2024.10.05"]
[Round "2.6"]
[White "Lindgren, Philip"]
[Black "Tuomainen, Felix"]
[Result "1-0"]
[TimeControl "90 minutes for 40 moves + 30 minutes for the rest of the game + 30 seconds per move from move one."]
[WhiteTitle "IM"]
[BlackTitle "FM"]
[WhiteFideId "1713230"]
[BlackFideId "1720813"]
[WhiteElo "2379"]
[BlackElo "2247"]

1. d4 Nf6 2. Nf3 g6 3. Bg5 Bg7 4. Nbd2 O-O 5. e3 d6 6. Bc4 a6 7. O-O h6 8. Bh4 g5 9. Bg3 Nh5 10.
c3 Nc6 11. e4 Bg4 12. Re1 Nxg3 13. hxg3 e5 14. dxe5 Nxe5 15. Be2 Bxf3 16. gxf3 Kh8 17. Nf1 f5 18. Ne3 f4 19. Nf5 Qf6 20.
Qb3 g4 21. fxg4 f3 22. Bf1 Qg5 23. Bh3 Nxg4 24. Bxg4 Qxg4 25. Re3 Be5 26. Qd1 d5 27. Qxd5 Rae8 28. Qd1 Bd6 29. Qxf3 Qg5 30.
Rae1 Bc5 31. R3e2 Re5 32. Kg2 Rf6 33. Qd3 Qg8 34. b4 Bd6 35. f4 1-0

[Event "The Elitserien 2024/25: round 1 - 3"]
[Site "Scandic Infra City, Kanalvagen 10, Upplands Vasby, Sweden"]
[Date "2024.10.05"]
[Round "2.7"]
[White "Olund, Joar"]
[Black "Brynell, Stellan"]
[Result "1-0"]
[TimeControl "90 minutes for 40 moves + 30 minutes for the rest of the game + 30 seconds per move from move one."]
[WhiteTitle "FM"]
[BlackTitle "GM"]
[WhiteFideId "1714848"]
[BlackFideId "1700219"]
[WhiteElo "2368"]
[BlackElo "2368"]

1. d4 e6 2. c4 Nf6 3. Nf3 b6 4. g3 Bb7 5. Bg2 Be7 6. O-O O-O 7. d5 Na6 8. Nd4 exd5 9. Nc3 c6 10.
cxd5 Nxd5 11. Nxd5 cxd5 12. Nf5 Bf6 13. Bf4 Bxb2 14. Rb1 Bf6 15. Rc1 Bc6 16. Bxd5 Bg5 17. Bxc6 dxc6 18. Qxd8 Bxd8 19.
Rxc6 Re8 20. Be3 Nb4 21. Rc4 Nd5 22. Bd4 Bf6 23. Re1 g6 24. Bxf6 Nxf6 25. Nd4 Rac8 26. Rec1 Rxc4 27. Rxc4 Nd5 28.
Kg2 Re7 29. Kf3 Rc7 30. Rxc7 Nxc7 31. Ke4 f6 32. Nc6 Kf7 33. Nxa7 Ke6 34. Kd4 Kd6 35. Kc4 Ne6 36. Nb5+ Ke5 37.
Nc3 Nc7 38. f4+ Ke6 39. e4 g5 40. Nd5 b5+ 41. Kc5 Ne8 42. Kc6 gxf4 43. gxf4 Nd6 44. Nc7 Ke7 45. Nd5+ Ke6 46. Nxf6 1-0

[Event "The Elitserien 2024/25: round 1 - 3"]
[Site "Scandic Infra City, Kanalvagen 10, Upplands Vasby, Sweden"]
[Date "2024.10.05"]
[Round "2.8"]
[White "Carlsson, Daniel"]
[Black "Thorn, Eric"]
[Result "1-0"]
[TimeControl "90 minutes for 40 moves + 30 minutes for the rest of the game + 30 seconds per move from move one."]
[BlackTitle "FM"]
[WhiteFideId "1703021"]
[BlackFideId "1710729"]
[WhiteElo "2289"]
[BlackElo "2351"]

1. e4 e5 2. Nf3 Nc6 3. Bb5 a6 4. Ba4 Bc5 5. O-O Nge7 6. c3 Ng6 7. d4 Ba7 8. Bxc6 dxc6 9. Nxe5 Nxe5 10.
dxe5 Qe7 11. Qh5 h6 12. Nd2 g6 13. Qf3 Qxe5 14. Nc4 Qe6 15. Qg3 Qe7 16. b3 Be6 17. Ba3 c5 18. Rad1 O-O 19.
Ne5 Kh7 20. c4 Rad8 21. Qe3 Rxd1 22. Rxd1 Rd8 23. Rd2 Rxd2 24. Qxd2 Qd6 25. Nd3 f5 26. Bc1 g5 27. e5 Qd4 28.
Bb2 Qd7 29. h4 f4 30. Qe2 Bg4 31. f3 Bf5 32. Nf2 Bb6 33. Ne4 Qe7 34. Nf6+ Kg6 35. Nd5 Qe6 36. hxg5 hxg5 37. g4 fxg3 38.
Qe3 Bb1 39. Bc1 Qf5 40. Ne7+ 1-0

[Event "The Elitserien 2024/25: round 1 - 3"]
[Site "Scandic Infra City, Kanalvagen 10, Upplands Vasby, Sweden"]
[Date "2024.10.05"]
[Round "2.9"]
[White "Sivuk, Vitaly"]
[Black "Danchevski, Orce"]
[Result "0-1"]
[TimeControl "90 minutes for 40 moves + 30 minutes for the rest of the game + 30 seconds per move from move one."]
[WhiteTitle "GM"]
[BlackTitle "IM"]
[WhiteFideId "14116502"]
[BlackFideId "15000311"]
[WhiteElo "2526"]
[BlackElo "2339"]

1. d4 d5 2. c4 e6 3. Nc3 Be7 4. cxd5 exd5 5. Bf4 c6 6. e3 Bf5 7. Nge2 Qb6 8. Qd2 Nf6 9. Ng3 Bg6 10.
h4 Ne4 11. Ncxe4 dxe4 12. a3 h6 13. h5 Bh7 14. Bc4 Nd7 15. O-O O-O 16. f3 exf3 17. Rxf3 c5 18. Raf1 Kh8 19. dxc5 Nxc5 20.
Be5 f6 21. Bd4 Nb3 22. Qf2 Nxd4 23. exd4 Rfd8 24. Ne2 Qxb2 25. Rb3 Qd2 26. Rxb7 Bf8 27. a4 Be4 28. Rf7 a5 29. Qh4 Bh7 30. Kh1 Qg5 31. Qh3 Bd6 32.
Rb7 Rac8 33. Be6 Rc2 34. Ng1 Be4 35. Nf3 Qf4 36. Rb3 Rc1 37. Rxc1 Qxc1+ 38. Ng1 Qd1 39. Bf7 Qxd4 40. Qg4 Qe5 41. Qh3 Bc5 42. Rb5 Bc6 43. Rb1 Bxg1 44. Rxg1 Bxa4 45. Rc1 Be8 46.
Bg6 Bxg6 47. hxg6 Qe8 48. Qg3 a4 49. Re1 Qb5 50. Qc7 Re8 51. Rxe8+ Qxe8 52. Qf7 Qa8 53. Kh2 a3 54. Qa2 f5 55.
Kh3 Qe4 56. Qf7 Qa8 57. Qa2 Qe8 58. Qf7 Qc8 59. Qa7 f4+ 60. Kh2 Qf8 61. Kg1 Qe8 62. Qf7 Qa8 63. Qa2 f3 64. g3 Qa7+ 65.
Kh2 Qa8 66. Kg1 Qa7+ 67. Kh2 f2 68. Qd5 f1=N+ 69. Kh3 Qb8 0-1

[Event "The Elitserien 2024/25: round 1 - 3"]
[Site "Scandic Infra City, Kanalvagen 10, Upplands Vasby, Sweden"]
[Date "2024.10.05"]
[Round "2.10"]
[White "Gdanski, Jacek"]
[Black "Galperin, Platon"]
[Result "1-0"]
[TimeControl "90 minutes for 40 moves + 30 minutes for the rest of the game + 30 seconds per move from move one."]
[WhiteTitle "GM"]
[BlackTitle "GM"]
[WhiteFideId "1100106"]
[BlackFideId "14165414"]
[WhiteElo "2482"]
[BlackElo "2518"]

1. e4 e6 2. d4 d5 3. Nc3 Nf6 4. Bg5 dxe4 5. Nxe4 Nbd7 6. Nxf6+ Nxf6 7. Nf3 c5 8. Be2 cxd4 9. Qxd4 Qxd4 10.
Nxd4 Bd7 11. O-O-O Nd5 12. Rhe1 Be7 13. Bxe7 Nxe7 14. Nb5 Bxb5 15. Bxb5+ Kf8 16. Rd7 Rb8 17. Red1 Nd5 18. c4 Nf6 19.
Rxb7 Rxb7 20. Rd8+ Ke7 21. Rxh8 g5 22. f3 Kd6 23. b3 Ke5 24. Kd2 h5 25. g3 Rb6 26. Ra8 g4 27. f4+ Ke4 28.
Ke2 h4 29. Rxa7 hxg3 30. hxg3 Nh5 31. Kf2 Rd6 32. Rd7 Rxd7 33. Bxd7 Nf6 34. Bc6+ Kd4 35. Bg2 Nd7 36. Ke2 Kc3 37.
Ke3 f5 38. Bb7 Nc5 39. Bc6 Nd3 40. Bd7 Nc5 41. Bc8 Kb4 42. Kd4 Ne4 43. Bxe6 Nxg3 44. Ke3 Kc5 45. a3 Kd6 46. Bd5 Nf1+ 47.
Kf2 Nd2 48. b4 Nb3 49. Bg8 Nd2 50. c5+ Kc6 51. Be6 Ne4+ 52. Kg2 1-0

[Event "The Elitserien 2024/25: round 1 - 3"]
[Site "Scandic Infra City, Kanalvagen 10, Upplands Vasby, Sweden"]
[Date "2024.10.05"]
[Round "2.11"]
[White "Miezis, Normunds"]
[Black "Vernersson, Per"]
[Result "1/2-1/2"]
[TimeControl "90 minutes for 40 moves + 30 minutes for the rest of the game + 30 seconds per move from move one."]
[WhiteTitle "GM"]
[WhiteFideId "11600136"]
[BlackFideId "1700863"]
[WhiteElo "2417"]
[BlackElo "2256"]

1. c4 e6 2. e4 c5 3. Nc3 Nc6 4. g3 d6 5. Bg2 g6 6. Nge2 Bg7 7. a3 Nge7 8. d3 O-O 9. Rb1 Nd4 10.
O-O Nec6 11. b4 Nxe2+ 12. Nxe2 Nd4 13. Be3 Nxe2+ 14. Qxe2 Qc7 15. f4 Bd4 16. Bxd4 cxd4 17. e5 a5 18.
Qe4 axb4 19. axb4 Ra3 20. Ra1 Rb3 21. Rfb1 Rxb1+ 22. Rxb1 Rd8 23. Qxd4 dxe5 24. Qxe5 Qb6+ 25. Qc5 Qxc5+ 26. bxc5 Rxd3 27. Ra1 Rd7 28. Ra8 Rc7 29. Bxb7 Rxb7 30. Rxc8+ Kg7 31. Kf2 Rb4 32. Ke3 Rxc4 33. c6 Kf6 34.
Kd3 Rc1 35. Rc7 h5 36. Kd4 Rc2 37. h3 Rc1 38. Rc8 Kf5 39. Rf8 f6 40. g4+ hxg4 41. hxg4+ Kxg4 42. Rxf6 Rxc6 43. Ke5 Rc5+ 44.
Kxe6 Rc6+ 45. Kf7 Rxf6+ 46. Kxf6 Kxf4 47. Kxg6 Ke5 1/2-1/2

[Event "The Elitserien 2024/25: round 1 - 3"]
[Site "Scandic Infra City, Kanalvagen 10, Upplands Vasby, Sweden"]
[Date "2024.10.05"]
[Round "2.12"]
[White "Lukez, Giamfranko"]
[Black "Peng, Li Min"]
[Result "1/2-1/2"]
[TimeControl "90 minutes for 40 moves + 30 minutes for the rest of the game + 30 seconds per move from move one."]
[WhiteTitle "FM"]
[BlackTitle "GM"]
[WhiteFideId "1700626"]
[BlackFideId "14112620"]
[WhiteElo "2281"]
[BlackElo "2514"]

1. Nf3 d5 2. g3 Nf6 3. Bg2 e6 4. O-O Be7 5. d3 O-O 6. c4 a6 7. Nc3 d4 8. Nb1 c5 9. e3 Nc6 10.
exd4 cxd4 11. Bg5 Nd7 12. Bxe7 Qxe7 13. Nbd2 Nc5 14. Nb3 Nxb3 15. Qxb3 Rb8 16. Nd2 Bd7 17. Rac1 Rfc8 18. a3 b5 19.
c5 a5 20. Qc2 a4 21. b4 axb3 22. Nxb3 e5 23. Rfe1 b4 24. a4 Be6 25. Bxc6 Rxc6 26. Rxe5 Bxb3 27. Rxe7 Bxc2 28. Rxc2 b3 29.
Rb2 Kf8 1/2-1/2

[Event "The Elitserien 2024/25: round 1 - 3"]
[Site "Scandic Infra City, Kanalvagen 10, Upplands Vasby, Sweden"]
[Date "2024.10.05"]
[Round "2.13"]
[White "Gajic, Mladen"]
[Black "Thornert, Hakan"]
[Result "1/2-1/2"]
[TimeControl "90 minutes for 40 moves + 30 minutes for the rest of the game + 30 seconds per move from move one."]
[WhiteTitle "FM"]
[WhiteFideId "1709178"]
[BlackFideId "1703749"]
[WhiteElo "2294"]
[BlackElo "2163"]

1. e4 c5 2. c3 Nf6 3. e5 Nd5 4. Bc4 Nb6 5. Bb3 d5 6. exd6 Qxd6 7. d4 cxd4 8. Nf3 Nc6 9. O-O Be6 10.
Bxe6 Qxe6 11. Nxd4 Nxd4 12. Qxd4 Rd8 13. Qe3 Qxe3 14. Bxe3 Nc4 15. Bxa7 Nxb2 16. Na3 e6 17. Nb5 Be7 18.
Bb6 Rc8 19. a4 O-O 20. Rfb1 Nc4 21. Na7 Ra8 22. Bd4 Rfb8 23. a5 e5 24. a6 bxa6 25. Rxb8+ Rxb8 26. Nc6 Re8 27. Nxe5 Nxe5 28.
Bxe5 Bc5 29. Bg3 Re6 30. Kf1 f6 31. Ra5 Ba7 32. Rd5 Kf7 33. Rd7+ Re7 34. Rd5 Re6 35. Rd7+ Re7 36. Rd6 Re6 37.
Rd7+ 1/2-1/2

[Event "The Elitserien 2024/25: round 1 - 3"]
[Site "Scandic Infra City, Kanalvagen 10, Upplands Vasby, Sweden"]
[Date "2024.10.05"]
[Round "2.14"]
[White "Malesevic, Nedeljko"]
[Black "Seiger, Vidar"]
[Result "1/2-1/2"]
[TimeControl "90 minutes for 40 moves + 30 minutes for the rest of the game + 30 seconds per move from move one."]
[WhiteTitle "FM"]
[WhiteFideId "1703447"]
[BlackFideId "1756079"]
[WhiteElo "2230"]
[BlackElo "2010"]

1. d4 Nf6 2. c4 g6 3. Nc3 Bg7 4. e4 O-O 5. Bd3 d6 6. Nge2 c5 7. d5 e6 8. O-O a6 9. a4 Re8 10.
h3 exd5 11. exd5 Nbd7 12. Ng3 Nf8 13. Bf4 Qc7 14. Qd2 N6d7 15. Bh6 Bxh6 16. Qxh6 Ne5 17. Rfe1 f5 18. Qd2 Bd7 19. Bf1 Nf7 20.
f4 Rxe1 21. Rxe1 Re8 22. Bd3 Qd8 23. Rxe8 Qxe8 24. a5 Qd8 25. Nd1 b6 26. axb6 Qxb6 27. Ne2 a5 28. Ne3 Qb4 29. Nc3 h5 30.
Qc2 Kg7 31. Kf2 Qb6 32. Ne2 Qb4 33. Nc1 Ba4 34. b3 Bd7 35. Na2 Qa3 36. Qc3+ Kg8 37. Bb1 a4 38. bxa4 Qxa4 39. Qb2 Qa5 40.
Nc3 Qd8 41. Ne2 Qh4+ 42. Kf1 Qe7 43. Qc3 Nh7 44. Nd1 Nf6 45. Nf2 h4 46. Qf3 Nh5 47. g4 hxg3 48. Nxg3 Nxg3+ 49. Qxg3 Qf6 50.
Bd3 Kh7 51. h4 Qd4 52. Kg2 Bc8 53. Qf3 Kg7 54. Nh3 Qb2+ 55. Kg3 Qc1 56. Qe2 Qa1 57. Qe3 Qc3 58. Ng5 Nxg5 59. hxg5 Kf7 60.
Kf2 Qb2+ 61. Be2 Bd7 62. Kg3 Bc8 1/2-1/2

[Event "The Elitserien 2024/25: round 1 - 3"]
[Site "Scandic Infra City, Kanalvagen 10, Upplands Vasby, Sweden"]
[Date "2024.10.05"]
[Round "2.15"]
[White "Mattsson, Michael"]
[Black "Rajcevski, Dejan"]
[Result "0-1"]
[TimeControl "90 minutes for 40 moves + 30 minutes for the rest of the game + 30 seconds per move from move one."]
[WhiteFideId "1708961"]
[BlackFideId "1759027"]
[WhiteElo "1977"]
[BlackElo "2131"]

1. e4 e5 2. Nf3 Nf6 3. Nxe5 d6 4. Nf3 Nxe4 5. d4 d5 6. Bd3 Bd6 7. c4 c6 8. O-O O-O 9. Nc3 Nxc3 10.
bxc3 dxc4 11. Bxc4 Bg4 12. h3 Bh5 13. Rb1 b5 14. Bd3 Nd7 15. g4 Bg6 16. Bxg6 hxg6 17. Bg5 Qa5 18. Qc2 Rfe8 19.
c4 Rac8 20. Rfe1 a6 21. Bd2 Qc7 22. Kg2 Nf8 23. Ng5 Bf4 24. c5 Bxg5 25. Bxg5 Ne6 26. Qd2 Qd7 27. Be3 Rcd8 28. Red1 Qd5+ 29.
f3 Nxc5 30. Qf2 Na4 31. Rdc1 Re6 32. Rb3 Nb6 33. Rc5 Qd6 34. Re5 Nc4 35. Bg5 f6 36. Rxe6 Qxe6 37. Bf4 Re8 38. Kf1 g5 39.
Bc1 a5 40. Rd3 a4 41. a3 Qd5 42. Qc2 Rd8 43. Bb2 Ne5 44. Rc3 Qxd4 45. Rxc6 Qd3+ 46. Qxd3 Nxd3 47. Bc3 Nf4 48. Rc5 Rb8 49.
Bd2 Nxh3 50. Ke2 Nf4+ 51. Kd1 Nd3 52. Rd5 Nb2+ 53. Ke2 Re8+ 54. Kf1 Nc4 55. Kf2 Nxd2 56. Rxd2 Kf7 57. Rd7+ Re7 58.
Rd5 Re5 59. Rd7+ Re7 60. Rd5 Rb7 61. Ke3 Ke6 62. Rc5 Kd6 63. Rf5 Kc6 64. f4 Re7+ 65. Kd4 Rd7+ 66. Ke4 gxf4 67. g5 Re7+ 68.
Kxf4 Re5 69. g6 Rxf5+ 70. Kxf5 Kd5 0-1

[Event "The Elitserien 2024/25: round 1 - 3"]
[Site "Scandic Infra City, Kanalvagen 10, Upplands Vasby, Sweden"]
[Date "2024.10.05"]
[Round "2.16"]
[White "Krantz, Christopher"]
[Black "Nygren, Kim"]
[Result "1/2-1/2"]
[TimeControl "90 minutes for 40 moves + 30 minutes for the rest of the game + 30 seconds per move from move one."]
[BlackTitle "CM"]
[WhiteFideId "1707876"]
[BlackFideId "1706136"]
[WhiteElo "2225"]
[BlackElo "2155"]

1. d4 g6 2. e4 Bg7 3. Nf3 d6 4. Bc4 e6 5. Nc3 Ne7 6. Be3 a6 7. Bb3 Nd7 8. Qd2 h6 9. O-O b6 10.
Ne2 Bb7 11. Ng3 Nf6 12. Qd3 O-O 13. c3 d5 14. e5 Ne4 15. Nd2 Nxg3 16. fxg3 c5 17. Qe2 cxd4 18. cxd4 a5 19. Bc2 Ba6 20.
Bd3 Bxd3 21. Qxd3 Qd7 22. g4 Rac8 23. Nf3 Qc6 24. Rf2 Qc4 25. Qd2 Kh7 26. h3 Ng8 27. Qd1 Qc7 28. Rc1 Qd7 29.
Rfc2 Ne7 30. Qd3 Rxc2 31. Rxc2 Rc8 32. Bd2 Rxc2 33. Qxc2 Qc6 34. Qb3 Bf8 35. a3 Kg8 36. Bc3 g5 37.
h4 Ng6 38. h5 Ne7 39. Qd1 Qc4 40. Qd2 Bg7 41. Qe3 Qb3 42. Qc1 Qc4 43. Qc2 Qc7 44. Qa4 Qc6 45. Qb3 Nc8 46. a4 Bf8 47.
Nd2 Be7 48. Kf2 Na7 49. Nf3 Kg7 50. Bd2 1/2-1/2

[Event "The Elitserien 2024/25: round 1 - 3"]
[Site "Scandic Infra City, Kanalvagen 10, Upplands Vasby, Sweden"]
[Date "2024.10.05"]
[Round "2.17"]
[White "Soderstrom, Adrian"]
[Black "Sumets, Andrey"]
[Result "1/2-1/2"]
[TimeControl "90 minutes for 40 moves + 30 minutes for the rest of the game + 30 seconds per move from move one."]
[WhiteTitle "FM"]
[BlackTitle "GM"]
[WhiteFideId "1745786"]
[BlackFideId "14105500"]
[WhiteElo "2318"]
[BlackElo "2517"]

1. d4 Nf6 2. c4 e6 3. Nf3 d5 4. g3 Bb4+ 5. Bd2 Be7 6. Bg2 c6 7. O-O O-O 8. Qc2 Nbd7 9. Bf4 a5 10.
Rd1 Nh5 11. Bc1 Nhf6 12. Bf4 b6 13. Nc3 Ba6 14. b3 Rc8 15. e4 dxc4 16. h4 cxb3 17. axb3 Re8 18. Na4 Bb7 19. Ne5 Nf8 20. Nc4 N6d7 21. Nd6 Bxd6 22. Bxd6 Nf6 23. Bf4 h6 24.
Qe2 Ng6 25. Be3 Nd7 26. h5 Ngf8 27. Rac1 Qe7 28. e5 Ba8 29. Nc3 c5 30. Bxa8 Rxa8 31. dxc5 Nxc5 32. Bxc5 bxc5 33. Na4 Nd7 34.
Qe3 Rec8 35. Rxd7 1/2-1/2

[Event "The Elitserien 2024/25: round 1 - 3"]
[Site "Scandic Infra City, Kanalvagen 10, Upplands Vasby, Sweden"]
[Date "2024.10.05"]
[Round "2.18"]
[White "Solodovnichenko, Yuri"]
[Black "Lindh, Fredrik"]
[Result "1-0"]
[TimeControl "90 minutes for 40 moves + 30 minutes for the rest of the game + 30 seconds per move from move one."]
[WhiteTitle "GM"]
[BlackTitle "FM"]
[WhiteFideId "14104369"]
[BlackFideId "1707884"]
[WhiteElo "2490"]
[BlackElo "2284"]

1. e4 c5 2. Nf3 Nc6 3. Nc3 Nf6 4. Bb5 Qc7 5. d3 g6 6. O-O Bg7 7. Re1 a6 8. e5 Nxe5 9. Nxe5 axb5 10.
Nxb5 Qb6 11. Nc4 Qd8 12. Bf4 Nd5 13. Bd6 O-O 14. Rxe7 Nxe7 15. Bc7 d5 16. Bxd8 Rxd8 17. Nb6 Ra5 18.
Qe1 Nc6 19. Nd6 Rxd6 20. Qe8+ Bf8 21. Qxc8 Ne7 22. Qc7 Rc6 23. Qd8 Ra6 24. Nxd5 Nxd5 25. Qxd5 Re6 26. Kf1 Rad6 27. Qf3 Rb6 28.
b3 Rf6 29. Qh3 Rf5 30. Re1 Rbf6 31. Re2 b5 32. a4 bxa4 33. bxa4 Ra6 34. Qh4 Rb6 35. Qd8 Rd6 36. Qc8 Rdf6 37.
g4 Rf4 38. g5 R6f5 39. Re8 Rxf2+ 40. Ke1 Rf1+ 41. Kd2 1-0

[Event "The Elitserien 2024/25: round 1 - 3"]
[Site "Scandic Infra City, Kanalvagen 10, Upplands Vasby, Sweden"]
[Date "2024.10.05"]
[Round "2.19"]
[White "Van Hengel, Hugo"]
[Black "Hillarp, Tiger"]
[Result "0-1"]
[TimeControl "90 minutes for 40 moves + 30 minutes for the rest of the game + 30 seconds per move from move one."]
[WhiteTitle "FM"]
[BlackTitle "GM"]
[WhiteFideId "1008161"]
[BlackFideId "1700812"]
[WhiteElo "2236"]
[BlackElo "2457"]

1. e4 c5 2. Nf3 d6 3. d4 cxd4 4. Nxd4 Nf6 5. Nc3 a6 6. Bg5 e6 7. f4 Qc7 8. Qd2 Nbd7 9. O-O-O b5 10.
Qe3 Be7 11. Bxf6 Nxf6 12. Bd3 b4 13. Nce2 e5 14. Nf5 Bxf5 15. exf5 O-O 16. Kb1 Rfe8 17. Qf3 d5 18. fxe5 Qxe5 19.
Qf4 Bc5 20. Qxe5 Rxe5 21. h3 h5 22. g4 hxg4 23. hxg4 Nxg4 24. Rh4 Nf2 25. Rf1 Rae8 26. Bxa6 Rxe2 27. Bxe2 Rxe2 28. Rg1 Ne4 29.
Rgh1 Kf8 30. Rh8+ Ke7 31. Rb8 Kf6 32. Rb7 Rf2 33. Rb5 Kxf5 34. Rd1 Ke6 0-1